 Dungeon Crawl Stone Soup version 0.24-a0-639-gb70a11d811 (webtiles) character file.

Game seed: 14868621458135893325, levelgen mode: deterministic

128157 GordonOverkill the Impaler (level 17, -7/210 HPs)
             Began as a Barachi Fire Elementalist on Sept 21, 2019.
             Was a High Priest of Sif Muna.
             Mangled by an anaconda (16 damage)
             ... on level 4 of the Snake Pit.
             The game lasted 01:45:19 (44976 turns).

GordonOverkill the Impaler (BaFE)                  Turns: 44976, Time: 01:45:20

Health: -7/210     AC: 23    Str: 26    XL:     17   Next: 2%
Magic:  10/31      EV: 11    Int: 21    God:    Sif Muna [*****.]
Gold:   1564       SH:  5    Dex: 11    Spells: 15/36 levels left

rFire    + + +     SeeInvis .   a - +7 halberd "Loptiwed" {chop, rElec rF+ MR+}
rCold    + . .     Gourm    .   (shield currently unavailable)
rNeg     . . .     Faith    .   E - +7 ring mail of the Blessed Realm {rPois}
rPois    +         Spirit   .   J - +2 hat {MR+}
rElec    +         Reflect  +   p - scarf {rC+ rF+}
rCorr    .         Harm     .   r - +2 pair of gloves
MR       +++..                  S - +2 pair of boots {run}
Stlth    ..........             A - +5 amulet of reflection
HPRegen  0.45/turn              D - ring "Uraluyc" {rF+ Str+7 Int+3 Dex-2 Stlth+}
MPRegen  0.22/turn              q - +2 ring of slaying

@: berserking, lethally poisoned (-7 -> -7), can't hop, constricted, very quick
A: +LOS, swims, slowness 1, strong legs 2
a: Hop, Channel Magic, Forget Spell, Divine Exegesis, Renounce Religion


You were on level 4 of the Snake Pit.
You worshipped Sif Muna.
Sif Muna was extremely pleased with you.
You were hungry.

You visited 5 branches of the dungeon, and saw 28 of its levels.
You also visited: Gauntlet.

You collected 2201 gold pieces.
You spent 637 gold pieces at shops.

Inventory:

Hand Weapons
 a - the +7 halberd "Loptiwed" (weapon) {chop, rElec rF+ MR+}
   (You took it off a big kobold on level 9 of the Dungeon)

   It inflicts extra damage upon your enemies.
   It protects you from fire.
   It insulates you from electricity.
   It affects your resistance to hostile enchantments.
 b - a +4 fustibalus of venom
 w - a +2 trident of flaming
 H - the +9 glaive "Plojy" {protect, rN++ Dex-2}
   (You bought it in a shop on level 2 of the Orcish Mines)

   It grants its wielder temporary protection when it strikes (+7 to AC).
   It affects your dexterity (-2).
   It greatly protects you from negative energy.
Missiles
 l - 259 sling bullets
 L - 14 silver javelins (quivered)
Armour
 j - a +0 buckler
 p - a scarf of resistance (worn)
 r - a +2 pair of gloves (worn)
 C - a +1 large shield of positive energy
 E - the +7 ring mail of the Blessed Realm (worn) {rPois}
   (You found it on level 1 of the Lair of Beasts)

   It protects you from poison.
 J - a +2 hat of magic resistance (worn)
 K - a +0 cloak of magic resistance
 S - a +2 pair of boots of running (worn)
Jewellery
 d - an uncursed ring of protection from cold
 q - a +2 ring of slaying (right hand)
 A - a +5 amulet of reflection (around neck)
 D - the ring "Uraluyc" (left hand) {rF+ Str+7 Int+3 Dex-2 Stlth+}
   (You found it in a Gauntlet)

   [ring of stealth]

   It affects your strength (+7).
   It affects your intelligence (+3).
   It affects your dexterity (-2).
   It protects you from fire.
   It makes you more stealthy.
 F - an uncursed ring of poison resistance {unknown}
Wands
 k - a wand of enslavement (18)
 n - a wand of random effects (15)
 y - a wand of iceblast (7)
 Q - a wand of polymorph (13)
 T - a wand of digging (4)
 U - a wand of acid (9)
 Z - a wand of flame (58)
Scrolls
 f - 8 scrolls of identify
 i - 8 scrolls of teleportation
 G - a scroll of holy word
 N - 4 scrolls of remove curse
 O - 5 scrolls of fog
 P - 3 scrolls of immolation
 V - a scroll of enchant armour
 W - 3 scrolls of amnesia
Potions
 e - 4 potions of might
 g - 7 potions of flight
 h - 8 potions of lignification
 m - 5 potions of curing
 s - a potion of heal wounds
 u - 3 potions of agility
 v - 5 potions of haste
 x - a potion of ambrosia
 z - a potion of magic
 B - 6 potions of brilliance
 M - 6 potions of mutation
 R - a potion of resistance
 X - a potion of berserk rage
Miscellaneous
 o - a lamp of fire (inert)
 I - a box of beasts
Comestibles
 c - 8 rations


   Skills:
 + Level 14.8 Fighting
 + Level 17.6 Polearms
 - Level 10.0 Armour
 - Level 7.0 Dodging
 - Level 2.0 Stealth
 - Level 4.0 Shields
 - Level 10.0 Spellcasting
 - Level 10.0 Conjurations
 - Level 2.0 Translocations
 - Level 10.0 Fire Magic
 - Level 5.0 Invocations
 - Level 4.0 Evocations


You had 15 spell levels left.
You knew the following spells:

 Your Spells              Type           Power        Failure   Level  Hunger
a - Flame Tongue          Conj/Fire      #####        1%          1    None
b - Conjure Flame         Conj/Fire      ######..     1%          3    None
c - Sticky Flame          Conj/Fire      ######..     1%          4    ##.....
d - Fireball              Conj/Fire      ######....   4%          5    ####...
e - Blink                 Tloc           N/A          6%          2    None
f - Bolt of Fire          Conj/Fire      ######....   22%         6    ######.

Your spell library contained the following spells:

 Spells                   Type           Power        Failure   Level  Hunger
 Magic Dart               Conj           ####         1%          1    None
 Shock                    Conj/Air       ####         1%          1    None
 Sting                    Conj/Pois      ####         1%          1    None
 Searing Ray              Conj           ######       1%          2    None
 Throw Flame              Conj/Fire      ######       1%          2    None
 Iskenderun's Mystic Bla  Conj           ######..     1%          4    ##.....
 Apportation              Tloc           ###...       3%          1    None
 Inner Flame              Hex/Fire       ####....     3%          3    None
 Static Discharge         Conj/Air       ####....     3%          3    None
 Ignite Poison            Fire/Tmut/Pois ###.....     7%          3    None
 Mephitic Cloud           Conj/Pois/Air  ###.....     7%          3    None
 Force Lance              Conj/Tloc      #####...     8%          4    ##.....
 Infusion                 Chrm           ##..         9%          1    None
 Summon Butterflies       Summ           ##......     9%          1    None
 Shroud of Golubria       Chrm/Tloc      ##....       9%          2    None
 Throw Icicle             Conj/Ice       ####....     11%         4    ##.....
 Lesser Beckoning         Tloc           ###.......   12%         3    None
 Call Imp                 Summ           ##......     13%         2    None
 Poisonous Vapours        Pois/Air       ##....       13%         2    None
 Slow                     Hex            ##......     13%         2    None
 Song of Slaying          Chrm           ##......     13%         2    None
 Sticks to Snakes         Tmut           ##......     13%         2    None
 Swiftness                Chrm/Air       ##......     13%         2    None
 Bolt of Magma            Conj/Fire/Erth #####.....   16%         5    ####...
 Recall                   Summ/Tloc      N/A          17%         3    None
 Regeneration             Chrm/Necr      ##........   26%         3    None
 Spectral Weapon          Hex/Chrm       ##......     26%         3    None
 Tukima's Dance           Hex            ##......     26%         3    None
 Irradiate                Conj/Tmut      ####......   30%         5    ####...
 Iskenderun's Battlesphe  Conj/Chrm      ####....     30%         5    ####...
 Lightning Bolt           Conj/Air       ####......   30%         5    ####...
 Venom Bolt               Conj/Pois      ####......   30%         5    ####...
 Airstrike                Air            ##........   65%         4    ##.....
 Leda's Liquefaction      Hex/Erth       ##........   65%         4    ##.....
 Olgreb's Toxic Radiance  Pois           ##......     65%         4    ##.....
 Summon Lightning Spire   Summ/Air       ##......     65%         4    ##.....
 Orb of Destruction       Conj           ######....   77%         7    #######
 Iron Shot                Conj/Erth      ####......   86%         6    ######.
 Alistair's Intoxication  Tmut/Pois      ##......     94%         5    ####...
 Blade Hands              Tmut           ##........   94%         5    ####...
 Yara's Violent Unravell  Hex/Tmut       ##........   94%         5    ####...
 Deflect Missiles         Chrm/Air       ##........   100%        6    ######.
 Invisibility             Hex            ##......     100%        6    ######.
 Statue Form              Tmut/Erth      ##.......    100%        6    ######.
 Malign Gateway           Summ/Tloc      ##........   100%        7    #######
 Ring of Flames           Chrm/Fire      ####......   100%        7    #######
 Spellforged Servitor     Conj/Summ      ####......   100%        7    #######
 Ignition                 Fire           ######....   100%        8    #######
 Fire Storm               Conj/Fire      ######....   100%        9    #######
 Shatter                  Erth           ##........   100%        9    #######


Dungeon Overview and Level Annotations

Branches:
Dungeon (15/15)            Temple (1/1) D:4            Lair (6/6) D:10
 Shoals (0/4) Lair:2        Snake (4/4) Lair:2        Slime (0/5) Lair:5
    Orc (2/2) D:9             Elf (0/3) Orc:2        Vaults (0/5) D:13
 Depths (0/5) D:15        Gauntlet (visited)

Altars:
Ashenzari
Cheibriados
Dithmenos
Elyvilon
Fedhas
Gozag
Hepliaklqana
Kikubaaqudgha
Makhleb
Nemelex Xobeh
Okawaru
Qazlal
Ru
Sif Muna
Trog
Uskayaw
Vehumet
Wu Jian
Xom
Yredelemnul
Zin
The Shining One
Beogh
Jiyva

Shops:
D:9 [(*   D:15 ?   Orc:2 =[:(   Snake:1 *   Snake:3 (

Annotations:
D:11 1 runed translucent door, Majang's ghost, journeyman BaFi
Lair:2 loom's ghost, journeyman TrBe
Lair:5 1 runed translucent door


Innate Abilities, Weirdness & Mutations

Shadows flee at your approach. (+LOS)
You can swim through water.
You cover ground slowly.
You can hop long distances.


Message History

The anaconda constricts you.
The guardian serpent casts a spell.
The naga sharpshooter blinks into view!
The mana viper blinks into view!
The naga sharpshooter shoots an arrow.
The arrow hits you but does no damage.
The mana viper is engulfed in blazing flames.
You block the mana viper's attack. The anaconda completely misses you.
The anaconda constricts you.
Okay, then.
A red film seems to cover your vision as you go berserk!
You feel yourself moving faster!
You feel mighty!
The anaconda burns!
The anaconda bites you but does no damage.
The anaconda constricts you.
The mana viper is engulfed in blazing flames.
The mana viper bites you!
* * * LOW HITPOINT WARNING * * *
You feel your power leaking away.
The naga sharpshooter spits poison at you.
The splash of poison hits you but does no damage.
You resist. The anaconda bites you!
You die...

..####...## #....#####.........#
....#.....####.....##...........#
)...............................#
................................#
.................................
..........####+###..............#
..........#..§...#..........###.#
..........#.§.§SN#.........## ###
..........#§..SS@#........##
....##....###''###........#
.......[..................#
.......................####
......................##
.........####......####
.#'###...# #......# .'. #...#
#.....## .. #..# ##(†...#


You could see a naga sharpshooter, an anaconda (burning), a mana viper and a
guardian serpent.

Vanquished Creatures
  Frances (D:12)
  2 nagarajas
  Louise (Snake:4)
  A minotaur (Gauntlet)
  Snorg (D:11)
  A fire dragon (Lair:6)
  2 ogre magi (D:15)
  Josephine (D:11)
  4 hydras
  The ghost of Oninnaise the Protected, a journeyman FoCK of Xom (D:7)
  8 vault guards (D:13)
  13 naga warriors
  A shambling mangrove (Lair:3)
  7 two-headed ogres
  3 centaur warriors
  7 anacondas
  A hell hog (Gauntlet)
  5 naga sharpshooters
  6 death yaks (Lair:5)
  4 shock serpents
  A salamander mystic (Snake:4)
  4 sea snakes
  5 unseen horrors
  4 naga ritualists
  A lindwurm (Lair:6)
  A wizard (D:15)
  3 orc knights
  5 mana vipers
  A necromancer (D:15)
  4 deep elf magi
  10 ugly things
  3 oklob plants
  10 salamanders
  3 manticores
  24 black mambas
  5 elephants (Lair:6)
  9 naga magi
  A torpor snail (Lair:4)
  A guardian serpent (shapeshifter) (D:13)
  2 centaur zombies
  A gargoyle (D:11)
  A guardian serpent (Snake:2)
  3 molten gargoyles (Lair:6)
  7 spiny frogs
  5 rime drakes
  A kobold demonologist (D:12)
  6 komodo dragons
  A tyrant leech (Gauntlet)
  A polar bear (Lair:4)
  5 trolls
  A wolf spider simulacrum (D:15)
  A harpy skeleton (D:15)
  5 hornets
  8 slime creatures
  3 blink frogs (Lair:2)
  5 hippogriffs
  2 centaur simulacra (D:15)
  9 wraiths
  2 fire bats (Gauntlet)
  2 hogs (D:13)
  42 yaks
  A human (D:13)
  4 wyverns
  8 basilisks
  3 vampire mosquitoes (D:13)
  A hungry ghost (D:8)
  2 wargs
  3 acid dragons
  13 nagas
  4 swamp worms (Gauntlet)
  6 hell hounds
  8 water moccasins
  A hydra simulacrum (Lair:2)
  A soldier ant (D:12)
  7 porcupines
  7 ice beasts
  45 orc warriors
  4 sky beasts
  11 ogres
  2 phantoms
  15 centaurs
  A necrophage (D:14)
  16 crocodiles
  5 big kobolds
  18 bullfrogs
  A scorpion (D:5)
  A spiny frog simulacrum (Lair:2)
  A wyvern skeleton (D:11)
  5 killer bees (D:9)
  9 wights
  5 howler monkeys
  4 lava snakes (Lair:6)
  6 crimson imps
  A quasit (D:7)
  3 bullfrog skeletons
  A komodo dragon simulacrum (Lair:2)
  5 jellies
  A water moccasin simulacrum (Lair:2)
  7 hounds
  14 orc priests
  24 orc wizards
  7 centaur skeletons
  6 iguanas
  10 worker ants
  A hound zombie (D:6)
  A hound skeleton (D:8)
  2 worker ant zombies
  28 adders
  A river rat (D:6)
  6 oozes
  An adder skeleton (D:9)
  4 worms
  4 dart slugs
  7 leopard geckos
  126 orcs
  10 giant cockroaches
  14 goblins
  9 hobgoblins
  11 jackals
  3 quokkas
  2 ball pythons (D:1)
  13 bats
  6 frilled lizards
  26 kobolds
  2 quokka skeletons
  2 quokka zombies
  11 rats
  3 bushes (Lair:3)
  A fungus (Lair:5)
  3 plants
872 creatures vanquished.

Vanquished Creatures (others)
  A hell hound (Lair:6)
  An orc warrior (Orc:2)
  A centaur (D:9)
  3 orcs
  A kobold (D:9)
  4 demonic plants (Gauntlet)
  2 fungi
  A plant (Lair:2)
  14 withered plants (Gauntlet)
28 creatures vanquished.

Grand Total: 900 creatures vanquished

Notes
Turn   | Place    | Note
-------+----------+-------------------------------------------
     0 | D:1      | GordonOverkill the Barachi Fire Elementalist began the
                  | quest for the Orb.
     0 | D:1      | Reached XP level 1. HP: 13/13 MP: 3/3
   365 | D:1      | Reached XP level 2. HP: 20/20 MP: 1/5
   787 | D:1      | Reached skill level 1 in Fighting
   862 | D:1      | Reached XP level 3. HP: 26/26 MP: 3/6
  1190 | D:1      | Learned a level 3 spell: Conjure Flame
  1736 | D:2      | Reached XP level 4. HP: 26/32 MP: 0/7
  1815 | D:2      | Learned a level 4 spell: Sticky Flame
  2623 | D:2      | Reached XP level 5. HP: 37/38 MP: 4/9
  3007 | D:2      | Found an opulent altar of Gozag.
  4017 | D:3      | Reached skill level 1 in Shields
  4354 | D:3      | Reached XP level 6. HP: 46/46 MP: 7/10
  4852 | D:4      | Found a staircase to the Ecumenical Temple.
  5022 | Temple   | Entered the Ecumenical Temple
  5029 | Temple   | Became a worshipper of Sif Muna the Loreminder
  5167 | D:4      | Noticed an orc warrior
  5877 | D:4      | Found a staircase to the Ecumenical Temple.
  5932 | D:4      | Killed an orc warrior
  5932 | D:4      | Reached skill level 1 in Invocations
  5932 | D:4      | Reached XP level 7. HP: 37/52 MP: 3/12
  6239 | D:5      | Entered Level 5 of the Dungeon
  7252 | D:5      | Learned a level 5 spell: Fireball
  7408 | D:5      | Reached XP level 8. HP: 57/60 MP: 5/14
  8183 | D:6      | Found a blossoming altar of Fedhas.
  8234 | D:6      | Found a shattered altar of Ashenzari.
  8237 | D:6      | Found a shadowy altar of Dithmenos.
  8286 | D:6      | Reached * piety under Sif Muna
  8470 | D:6      | Found a stormy altar of Qazlal.
  8909 | D:5      | Reached skill level 5 in Fighting
  9220 | D:6      | Reached skill level 5 in Conjurations
  9220 | D:6      | Reached skill level 5 in Fire Magic
  9448 | D:7      | Reached skill level 5 in Spellcasting
  9448 | D:7      | Reached XP level 9. HP: 53/68 MP: 7/16
  9705 | D:7      | Identified the +7 plate armour "Hirihe" {+Inv rF- Dex+3}
  9723 | D:7      | Reached ** piety under Sif Muna
  9872 | D:7      | Found a runed translucent gate.
  9873 | D:7      | Found a runed translucent gate.
  9904 | D:7      | Found a runed translucent gate.
 10191 | D:7      | Found a roughly hewn altar of Beogh.
 10191 | D:7      | Noticed Oninnaise's ghost (journeyman FoCK)
 11142 | D:8      | Reached skill level 1 in Evocations
 11839 | D:8      | Reached *** piety under Sif Muna
 11992 | D:8      | Reached XP level 10. HP: 76/76 MP: 14/20
 12857 | D:9      | Found Qayjon's Weapon Shoppe.
 12861 | D:9      | Found a staircase to the Orcish Mines.
 12861 | D:9      | Found Mirib's Armour Shoppe.
 12915 | D:9      | Bought 16 sling bullets for 104 gold pieces
 12919 | D:9      | Bought a +2 helmet for 165 gold pieces
 13116 | D:9      | Reached skill level 5 in Invocations
 13380 | D:9      | Found Hinuahob's General Store.
 13402 | D:9      | Identified the +7 halberd "Loptiwed" {chop, rElec rF+ MR+}
 13771 | D:10     | Entered Level 10 of the Dungeon
 13865 | D:10     | Reached skill level 1 in Polearms
 13975 | D:10     | Reached skill level 2 in Polearms
 14166 | D:10     | Reached skill level 3 in Polearms
 14314 | D:10     | Reached **** piety under Sif Muna
 14314 | D:10     | Reached skill level 4 in Polearms
 14583 | D:10     | Noticed an unseen horror
 14585 | D:10     | Killed an unseen horror
 14585 | D:10     | Reached skill level 5 in Polearms
 14711 | D:10     | Found a staircase to the Lair.
 14918 | D:11     | Reached skill level 6 in Polearms
 15006 | D:11     | Found a runed translucent door.
 15006 | D:11     | Noticed Majang's ghost (journeyman BaFi)
 15010 | D:11     | Noticed a gargoyle
 15016 | D:11     | Killed a gargoyle
 15070 | D:11     | Reached XP level 11. HP: 75/83 MP: 3/21
 15216 | D:11     | Noticed an unseen horror
 15219 | D:11     | Killed an unseen horror
 15304 | D:11     | Reached skill level 7 in Polearms
 15367 | D:11     | Learned a level 2 spell: Blink
 15567 | D:11     | Reached ***** piety under Sif Muna
 15579 | D:11     | HP: 1/86 [orc warrior/+0 halberd (19)]
 15809 | D:11     | Identified Sif Muna's Disquisition on Cloudy Displacement
                  | (Sif Muna gifted it to you on level 11 of the Dungeon)
 15809 | D:11     | Received a gift from Sif Muna
 15930 | D:11     | Found a roughly hewn altar of Beogh.
 16038 | D:11     | Noticed Josephine
 16052 | D:11     | Killed Josephine
 16058 | D:11     | Reached skill level 8 in Polearms
 16415 | D:11     | Noticed Snorg
 16429 | D:11     | Killed Snorg
 16624 | D:7      | Killed Oninnaise's ghost
 16882 | D:7      | Identified a +2 pair of boots of running (You found it on
                  | level 7 of the Dungeon)
 17676 | Lair:1   | Entered Level 1 of the Lair of Beasts
 17679 | Lair:1   | Got a distressingly furry ring mail
 17680 | Lair:1   | Identified the +7 ring mail of the Blessed Realm {rPois}
                  | (You found it on level 1 of the Lair of Beasts)
 17723 | Lair:1   | Reached skill level 9 in Polearms
 17753 | Lair:1   | Reached skill level 10 in Fighting
 17753 | Lair:1   | Reached skill level 1 in Armour
 18068 | Lair:1   | Reached XP level 12. HP: 97/97 MP: 22/22
 18912 | Lair:2   | Found a staircase to the Shoals.
 18938 | Lair:2   | Reached skill level 5 in Armour
 18956 | Lair:2   | Reached skill level 10 in Polearms
 19437 | Lair:2   | Noticed a six-headed hydra
 19448 | Lair:2   | Killed an eight-headed hydra
 19500 | Lair:2   | Found a staircase to the Snake Pit.
 19646 | Lair:2   | Noticed a seven-headed hydra
 19654 | Lair:2   | Killed a seven-headed hydra
 20100 | Lair:2   | Noticed loom's ghost (journeyman TrBe)
 20811 | Lair:2   | Found a runed translucent gate.
 20811 | Lair:2   | Found a runed translucent gate.
 20811 | Lair:2   | Found a runed translucent gate.
 20960 | Lair:2   | Reached skill level 11 in Polearms
 21445 | Lair:3   | Found a shimmering altar of Xom.
 21958 | Lair:3   | Noticed a shambling mangrove
 21958 | Lair:3   | an oklob plant changed into a shambling mangrove
 21972 | Lair:3   | Killed a shambling mangrove
 21984 | Lair:3   | Gained mutation: You can hop long distances. [Barachi
                  | growth]
 21984 | Lair:3   | Reached XP level 13. HP: 61/103 MP: 10/23
 23143 | Lair:4   | Reached skill level 12 in Polearms
 23381 | Lair:4   | Reached skill level 10 in Armour
 23530 | Lair:4   | Reached skill level 1 in Translocations
 24736 | Lair:5   | Found a runed translucent door.
 24736 | Lair:5   | Found a viscous altar of Jiyva.
 24739 | Lair:5   | Found a staircase to the Slime Pits.
 24775 | Lair:6   | Entered Level 6 of the Lair of Beasts
 25035 | Lair:5   | Identified Sif Muna's Volume of Transmutation and Poison
                  | (Sif Muna gifted it to you on level 5 of the Lair of
                  | Beasts)
 25035 | Lair:5   | Received a gift from Sif Muna
 25888 | Lair:6   | Reached skill level 13 in Polearms
 26772 | Lair:6   | Reached XP level 14. HP: 100/110 MP: 14/26
 26865 | Lair:6   | Found a large runed translucent door.
 26865 | Lair:6   | Found a large runed translucent door.
 26999 | Lair:6   | Reached skill level 14 in Polearms
 27904 | D:12     | Reached skill level 5 in Dodging
 28074 | D:12     | Noticed Frances
 28088 | D:12     | HP: 4/110 [sixfirhy[Frances] (3)]
 28091 | D:12     | Killed Frances
 28778 | D:12     | Found a shimmering blue altar of Sif Muna.
 29066 | D:12     | Learned a level 6 spell: Bolt of Fire
 29216 | D:13     | Found a gate leading to a gauntlet.
 29440 | Gauntlet | Entered a Gauntlet
 29440 | Gauntlet | Found a transporter.
 29442 | Gauntlet | Found a transporter.
 29444 | Gauntlet | Found a transporter.
 29445 | Gauntlet | Found a transporter.
 29448 | Gauntlet | Found a transporter.
 29449 | Gauntlet | Found a transporter.
 29450 | Gauntlet | Noticed an emperor scorpion
 29453 | Gauntlet | an emperor scorpion changed into a death yak
 29457 | Gauntlet | Found a transporter.
 29458 | Gauntlet | Found a transporter.
 29461 | Gauntlet | Noticed a storm dragon
 29461 | Gauntlet | a death yak changed into a storm dragon
 29478 | Gauntlet | Found a transporter.
 29495 | Gauntlet | Found a transporter.
 29499 | Gauntlet | Found a transporter.
 29508 | Gauntlet | Found a transporter.
 29540 | Gauntlet | Noticed an entropy weaver
 29540 | Gauntlet | a tyrant leech changed into an entropy weaver
 29543 | Gauntlet | an entropy weaver changed into a satyr
 29656 | Gauntlet | Got a scorched tin ring
 29663 | Gauntlet | Identified the ring "Uraluyc" {rF+ Str+7 Int+3 Dex-2
                  | Stlth+} (You found it in a Gauntlet)
 30778 | D:13     | Reached skill level 15 in Polearms
 31180 | D:13     | Found a gate to the Vaults.
 31388 | D:13     | Reached skill level 16 in Polearms
 31944 | D:14     | Reached XP level 15. HP: 115/115 MP: 19/27
 32703 | D:15     | Entered Level 15 of the Dungeon
 32976 | D:15     | Identified Sif Muna's Grimoire of the Damaging Snowflakes
                  | (Sif Muna gifted it to you on level 15 of the Dungeon)
 32976 | D:15     | Received a gift from Sif Muna
 33517 | D:15     | Found a staircase to the Depths.
 33807 | D:15     | Found Wionouka's Magic Scroll Boutique.
 33999 | Orc:1    | Entered Level 1 of the Orcish Mines
 34122 | Orc:1    | Found a roughly hewn altar of Beogh.
 34626 | Orc:2    | Entered Level 2 of the Orcish Mines
 35686 | Orc:2    | Received a gift from Sif Muna
 36872 | Orc:2    | Found a staircase to the Elven Halls.
 37081 | Orc:2    | Found Ajiacavi's Armour Boutique.
 37081 | Orc:2    | Found Cuhecsoa's Book Emporium.
 37081 | Orc:2    | Found Zatt's Antique Weapon Shoppe.
 37084 | Orc:2    | Found Manotops's Jewellery Shop.
 37101 | Orc:2    | Bought an iridescent glaive for 368 gold pieces
 37101 | Orc:2    | Identified the +9 glaive "Plojy" {protect, rN++ Dex-2} (You
                  | bought it in a shop on level 2 of the Orcish Mines)
 37571 | Snake:1  | Entered Level 1 of the Snake Pit
 37571 | Snake:1  | Found Sos Hil's Mass Market.
 37729 | Snake:1  | Reached skill level 10 in Conjurations
 37734 | Snake:1  | Reached skill level 10 in Fire Magic
 38221 | Snake:1  | Reached skill level 10 in Spellcasting
 38221 | Snake:1  | Reached XP level 16. HP: 114/127 MP: 25/30
 39719 | Snake:2  | Noticed a nagaraja
 39728 | Snake:2  | Killed a nagaraja
 40948 | Snake:3  | Found Waist's Weapon Emporium.
 40986 | Snake:4  | Entered Level 4 of the Snake Pit
 41606 | Snake:4  | HP: 6/131 [anaconda (6)]
 41607 | Snake:4  | HP: 1/131 [poisoned by a black mamba]
 41630 | Snake:4  | Reached skill level 17 in Polearms
 42979 | Snake:4  | Noticed a nagaraja
 43964 | Snake:4  | Killed a nagaraja
 43964 | Snake:4  | Identified Sif Muna's Collected Works on Lethal Moulding
                  | (Sif Muna gifted it to you on level 4 of the Snake Pit)
 43964 | Snake:4  | Received a gift from Sif Muna
 44256 | Snake:4  | Noticed Louise
 44316 | Snake:4  | Killed Louise
 44950 | Snake:4  | Reached XP level 17. HP: 124/140 MP: 19/31
 44976 | Snake:4  | HP: 9/210 [mana viper (12)]
 44976 | Snake:4  | Mangled by an anaconda

Levels and vault maps discovered:
D:1:      dpeg_arrival_subterranean_lakeside_camping, layout_basic
D:2:      layout_basic, first_ration, fountainhead, grunt_gozag_statues
D:3:      layout_rooms
D:4:      layout_rooms, minmay_temple_entry_grid
D:5:      layout_cave_pods, minmay_crystal_room
D:6:      layout_loops_ring, grunt_temple_overflow_open, lemuel_doored_altar,
          gup_sewer_entry_bubbles
D:7:      layout_loops_cross, biasface_ghost_orc_armoury
D:8:      layout_basic
D:9:      layout_small_grid, orc_david_3, serial_shops, shop
D:10:     layout_loops_ring, dpeg_oklobed_lair
D:11:     layout_long_grid, special_room [special_room_orc],
          hellmonk_ghost_happy_afterlife, uniq_snorg, uniq_josephine
D:12:     layout_long_grid, basic_altar, uniq_frances
D:13:     layout_basic, erik_vaults_2, gauntlet_entry_generic, grunt_livestock
D:14:     layout_rooms, minmay_misc_feat_nine_boxes
D:15:     grunt_enter_depths_magical_seal, layout_loops_ring, serial_shops,
          shop, minmay_misc_feat_pillars
Temple:   nicolae_temple_no_exploring_needed
Lair:1:   layout_cave_shapes
Lair:2:   layout_gridlike, elwin_shoals_entry_rocks, dummy_snake_entry,
          gammafunk_ghost_icy, minmay_lair_oklob_chamber,
          infiniplex_staircase_pool_2
Lair:3:   minmay_lair_venomous_thicket, layout_regular_city,
          minmay_lair_oklob_bushes, lemuel_oklob_altar, grunt_megastairs_4
Lair:4:   layout_hall_layers
Lair:5:   layout_regular_city, slime_altar_2, nzn_random_ring
Lair:6:   cheibrodos_lair_end_hotspot, layout_regular_city, enter_volcano_3,
          grunt_forest_small_clearings, minmay_stone_trees_small, minivault_11
Snake:1:  kennysheep_snake, layout_grid_maze, st_stairs_8, minmay_shop_mass,
          minmay_snake_pond, uniq_aizul
Snake:2:  layout_rooms, nicolae_snake_round_shape_thing, corexii_hall_statues_s
Snake:3:  layout_rooms, serial_shops, nicolae_shop_statue_plus,
          nicolae_coiled_stairwell_down, serial_bayou_shore_a
Snake:4:  grunt_snake_rune_pools, layout_cave_town, uniq_louise, uniq_nikola
Orc:1:    nicolae_orc_accident_3, layout_caves, mines2_david
Orc:2:    st_orc_rangers, layout_caves

Skill      XL: |  1  2  3  4  5  6  7  8  9 10 11 12 13 14 15 16 |
---------------+-------------------------------------------------+-----
Stealth        | 2 |  2.0
Fighting       | 1 2 3 4 5 6 10 12 14 | 14.8
Dodging        | 3 4 7 |  7.0
Conjurations   | 2 3 4 5 6 7 8 10 | 10.0
Fire Magic     | 4 5 6 7 8 10 | 10.0
Spellcasting   | 3 4 5 7 8 10 | 10.0
Shields        | 1 2 3 4 |  4.0
Invocations    | 1 2 4 5 |  5.0
Evocations     | 2 4 |  4.0
Polearms       | 6 9 11 13 16 17 | 17.6
Armour         | 3 9 10 | 10.0
Translocations | 2 |  2.0

Action                   |  1- 3 |  4- 6 |  7- 9 | 10-12 | 13-15 | 16-18 || total
-------------------------+-------+-------+-------+-------+-------+-------++-------
Melee: Unarmed           |     2 |       |       |       |       |       ||     2
       Dagger            |    11 |    12 |       |       |       |       ||    23
       Short sword       |       |     1 |   137 |       |       |       ||   138
       Halberd           |       |       |       |   316 |   900 |   372 ||  1588
       Trident           |       |       |       |       |     2 |       ||     2
 Fire: Hunting sling     |       |     3 |       |    28 |       |       ||    31
Throw: Stone             |       |    60 |    12 |       |     5 |       ||    77
       Boomerang         |       |       |   195 |    91 |    32 |       ||   318
       Javelin           |       |       |       |       |     4 |    36 ||    40
 Cast: Flame Tongue      |    76 |   133 |   174 |   126 |    34 |     1 ||   544
       Sticky Flame      |       |    10 |    48 |    80 |   219 |    76 ||   433
       Conjure Flame     |       |       |     8 |    23 |    19 |     5 ||    55
       Fireball          |       |       |     3 |    37 |    26 |       ||    66
Invok: Channel Magic     |       |       |       |     1 |       |       ||     1
 Abil: Hop               |       |     3 |     1 |     5 |     5 |     2 ||    16
Evoke: Wand              |       |       |     2 |     6 |     2 |     1 ||    11
       Lamp of fire      |       |       |       |       |     1 |     1 ||     2
  Use: Scroll            |       |     7 |    10 |    10 |    20 |     3 ||    50
       Potion            |       |       |     3 |     1 |     1 |     4 ||     9
 Stab: Sleeping          |       |       |       |     1 |     1 |       ||     2
       Distracted        |       |       |       |       |     1 |       ||     1
  Eat: Chunk             |     4 |     9 |    23 |    28 |    54 |    11 ||   129
       Ration            |       |     2 |     2 |     9 |     6 |     4 ||    23
Armor: Robe              |    18 |    12 |    64 |    34 |       |       ||   128
       Ring mail         |       |       |       |    56 |   399 |   180 ||   635
Dodge: Dodged            |    61 |    58 |   154 |   175 |   503 |   221 ||  1172
Block: Other             |       |       |     5 |    54 |   198 |    88 ||   345
       Buckler           |       |       |   127 |    27 |       |       ||   154
       Reflection        |       |       |     5 |     9 |    35 |     9 ||    58

Table legend:
 A = Non-vault XP
 B = Vault XP
 C = Vault XP percentage of total XP
 D = Non-vault monster count
 E = Vault monster count
 F = Vault count percentage of total count
                 A         B        C        D         E       F
            +---------+---------+-------+---------+---------+-------
      Total |  132745 |   50337 |  27.5 |     675 |     195 |  22.4
            +---------+---------+-------+---------+---------+-------
        D:1 |      53 |       9 |  14.5 |      34 |       6 |  15.0
        D:2 |     118 |       0 |   0.0 |      31 |       0 |   0.0
        D:3 |     199 |       0 |   0.0 |      25 |       0 |   0.0
        D:4 |     387 |       0 |   0.0 |      14 |       0 |   0.0
        D:5 |     745 |       0 |   0.0 |      32 |       0 |   0.0
        D:6 |     759 |      23 |   2.9 |      22 |       5 |  18.5
        D:7 |    1624 |    1579 |  49.3 |      29 |      11 |  27.5
        D:8 |    1074 |       0 |   0.0 |      31 |       0 |   0.0
        D:9 |    1492 |      18 |   1.2 |      29 |       6 |  17.1
       D:10 |    2450 |       0 |   0.0 |      33 |       0 |   0.0
       D:11 |    2559 |    3778 |  59.6 |      30 |      23 |  43.4
       D:12 |    4850 |    2130 |  30.5 |      26 |       1 |   3.7
       D:13 |    7497 |    8934 |  54.4 |      47 |      13 |  21.7
       D:14 |    7848 |       0 |   0.0 |      23 |       0 |   0.0
       D:15 |   11505 |    3890 |  25.3 |      23 |      10 |  30.3
     Lair:1 |    3274 |       0 |   0.0 |      15 |       0 |   0.0
     Lair:2 |    6350 |    2068 |  24.6 |      24 |       8 |  25.0
     Lair:3 |    3094 |    3256 |  51.3 |      17 |      16 |  48.5
     Lair:4 |    2627 |       0 |   0.0 |      12 |       0 |   0.0
     Lair:5 |    6933 |       0 |   0.0 |      12 |       0 |   0.0
     Lair:6 |    6316 |    8430 |  57.2 |      24 |      27 |  52.9
    Snake:1 |    6833 |    1721 |  20.1 |      11 |       6 |  35.3
    Snake:2 |   20041 |       0 |   0.0 |      34 |       0 |   0.0
    Snake:3 |   11379 |     960 |   7.8 |      17 |       1 |   5.6
    Snake:4 |   15977 |    5655 |  26.1 |      28 |       6 |  17.6
      Orc:1 |    5351 |     786 |  12.8 |      31 |      10 |  24.4
      Orc:2 |    1410 |    3582 |  71.8 |      21 |      35 |  62.5
   Gauntlet |       0 |    3518 | 100.0 |       0 |      11 | 100.0
            +---------+---------+-------+---------+---------+-------
